 Dungeon Sprint DCSS version 0.28-a0-514-g0d7ab7f379 (webtiles) character file.

Game seed: 6471984555082347362

2800000 varam the Heretic (level 19, -4/182 HPs)
             Began as a Gnoll Gladiator on Sept 22, 2021.
             Slain by a meat berserker (21 damage)
             ... in the Dungeon (Sprint VIII: "Arena of Blood").
             The game lasted 00:02:00 (28 turns).

varam the Heretic (Gnoll Gladiator)                   Turns: 28, Time: 00:02:01

Health: -4/182     AC:  8    Str: 19    XL:     19   Next: 50%
Magic:  6/47       EV: 26    Int:  8    God:
Gold:   0          SH:  0    Dex: 16    Spells: 67/67 levels left

rFire   . . .      SeeInvis .   e - +∞ Axe of Woe
rCold   . . .      Faith    .   (shield currently unavailable)
rNeg    . . .      Spirit   .   b - +0 leather armour
rPois   .          Reflect  .   c - +0 helmet
rElec   .          Harm     .   (no cloak)
rCorr   .          Rampage  .   (no gloves)
Will    +....      NoTele   +   (no boots)
Stlth   +++++++++.              (no amulet)
HPRegen 0.40/turn               (no ring)
MPRegen 0.30/turn               (no ring)

@: on berserk cooldown, slowed, very slow
A: fangs 1, strong nose, distributed training
a: no special abilities


You were in the Dungeon.
You visited 1 branch

Inventory:

Hand Weapons
 a - a +0 war axe
 e - the +∞ Axe of Woe (weapon)
   (You found it in the Dungeon)
Missiles
 d - 3 throwing nets (quivered)
Armour
 b - a +0 leather armour (worn)
 c - a +0 helmet (worn)
Scrolls
 z - a scroll of blinking
Potions
 g - 2 potions of magic
 h - a potion of haste
 q - a potion of curing
 w - a potion of heal wounds


   Skills:
 + Level 24.9 Fighting
 + Level 24.6 Short Blades
 + Level 24.6 Long Blades
 + Level 25.2 Axes
 + Level 24.6 Maces & Flails
 + Level 24.6 Polearms
 + Level 24.6 Staves
 + Level 24.6 Slings
 + Level 24.6 Bows
 + Level 24.6 Crossbows
 + Level 24.9 Throwing
 + Level 24.6 Armour
 + Level 25.2 Dodging
 + Level 24.6 Stealth
 + Level 24.6 Shields
 + Level 24.6 Unarmed Combat
 + Level 24.6 Spellcasting
 + Level 21.1 Conjurations
 + Level 21.1 Hexes
 + Level 21.1 Summonings
 + Level 21.1 Necromancy
 + Level 21.1 Translocations
 + Level 21.1 Transmutations
 + Level 21.1 Fire Magic
 + Level 21.1 Ice Magic
 + Level 21.1 Air Magic
 + Level 21.1 Earth Magic
 + Level 21.1 Poison Magic
 + Level 26.5 Invocations
 + Level 24.6 Evocations


You had 67 spell levels left.
You didn't know any spells.
Your spell library was empty.

Dungeon Overview and Level Annotations

Branches:
Dungeon (1/1)

Altars:
Makhleb


Innate Abilities, Weirdness & Mutations

You have very sharp teeth.
Your uncanny sense of smell can sniff out nearby items.
Your experience applies equally to all skills.


Message History

Unknown command.
Unknown command.
Unknown command.
Unknown command.
Unknown command.
Unknown command.
Unknown command.
Unknown command.
Unknown command.
Unknown command.
Unknown command.
Unknown command.
Unknown command.
Unknown command.
An orc and a vampire knight come into view.
The destroyer is wielding a +9 vorpal great sword.
The destroyer appears out of thin air!
A destroyer comes into view. It is wielding a +9 vorpal great sword.
You hear a shout! x2
The meat berserker is engulfed in blazing flames.
You hear a shout! x2
The meat berserker is engulfed in blazing flames.
You hear a shout! x2
The bag of meat is engulfed in blazing flames.
You hear a shout!
The meat berserker is engulfed in blazing flames.
You hear a shout!
The bag of meat is engulfed in blazing flames.
A destroyer comes into view. It is wielding a +9 vorpal great sword.
The large bag of meat is engulfed in blazing flames.
The meat berserker is engulfed in blazing flames.
The meat berserker hits you with a +9 battleaxe!!
* * * LOW HITPOINT WARNING * * *
You hear a shout! x2
The destroyer casts a spell at you.
The destroyer blinks!
You hear a shout!
The meat berserker is engulfed in blazing flames.
The meat berserker hits you with a +9 battleaxe!!
You die...

.....##V# .#
....... ...
o####.....##o##.
#.o.............
#......O...#.#.
#.o..§§§.......
#..OoOoo......
.§.#.§oOO.......
...o.§○O@.......
...V.§§)))......
.......#)).....#
.#...O.#)).....#
.....###)).VD..###.
........))###......
.V#........_......
#.......#...).#..
.......#_.<._#


You could see an eight-headed meat hydra, 3 destroyers, 3 large bags of meat, 4
meat berserkers and 8 bags of meat.

Vanquished Creatures
  4 ogres (D)
  3 two-headed ogres (D)
  23 orcs (D)
30 creatures vanquished.

Notes
Turn   | Place    | Note
-------+----------+-------------------------------------------
     0 | D        | Found the +∞ Axe of Woe
     0 | D        | varam the Gnoll Gladiator began the quest for the Orb.
     0 | D        | Reached XP level 1. HP: 20/20 MP: 1/1
     0 | D        | Noticed a bag of meat
     2 | D        | Noticed a bag of meat
     3 | D        | Killed a bag of meat
     3 | D        | Noticed a bag of meat
     3 | D        | Noticed a bag of meat
     3 | D        | Noticed a bag of meat
     4 | D        | Reached skill level 10 in Fighting
     4 | D        | Reached skill level 10 in Throwing
     4 | D        | Reached skill level 10 in Invocations
     4 | D        | Reached XP level 2. HP: 36/36 MP: 1/12
     4 | D        | Reached XP level 3. HP: 42/42 MP: 1/14
     4 | D        | Reached XP level 4. HP: 49/49 MP: 1/15
     4 | D        | Reached XP level 5. HP: 54/54 MP: 1/17
     4 | D        | Reached XP level 6. HP: 61/61 MP: 1/18
     4 | D        | Reached XP level 7. HP: 67/67 MP: 1/20
     4 | D        | Reached XP level 8. HP: 74/74 MP: 1/21
     4 | D        | Reached XP level 9. HP: 79/79 MP: 1/22
     4 | D        | Reached XP level 10. HP: 86/86 MP: 1/23
     4 | D        | Reached XP level 11. HP: 92/92 MP: 1/24
     4 | D        | Noticed a bag of meat
     4 | D        | Killed a bag of meat
     5 | D        | Reached skill level 12 in Invocations
     5 | D        | Reached XP level 12. HP: 102/102 MP: 1/27
     6 | D        | Noticed a bag of meat
     6 | D        | Noticed a bag of meat
     7 | D        | Noticed a bag of meat
     7 | D        | Killed a bag of meat
     7 | D        | Killed a bag of meat
     8 | D        | Reached skill level 14 in Invocations
     8 | D        | Reached XP level 13. HP: 112/112 MP: 1/30
     9 | D        | Noticed a bag of meat
     9 | D        | Noticed a meat berserker
     9 | D        | Noticed a meat berserker
    10 | D        | Noticed a bag of meat
    10 | D        | Killed a bag of meat
    10 | D        | Noticed a bag of meat
    11 | D        | Reached skill level 15 in Axes
    11 | D        | Reached skill level 15 in Dodging
    11 | D        | Noticed a bag of meat
    11 | D        | Noticed a bag of meat
    12 | D        | Noticed a bag of meat
    12 | D        | Noticed a meat berserker
    13 | D        | Killed a bag of meat
    13 | D        | Killed a bag of meat
    13 | D        | Killed a bag of meat
    13 | D        | Killed a meat berserker
    14 | D        | Reached skill level 17 in Invocations
    14 | D        | Reached XP level 14. HP: 126/126 MP: 3/34
    14 | D        | Reached XP level 15. HP: 133/133 MP: 3/35
    14 | D        | Noticed a meat berserker
    15 | D        | Killed a meat berserker
    16 | D        | Reached skill level 15 in Conjurations
    16 | D        | Reached skill level 15 in Hexes
    16 | D        | Reached skill level 15 in Summonings
    16 | D        | Reached skill level 15 in Necromancy
    16 | D        | Reached skill level 15 in Translocations
    16 | D        | Reached skill level 15 in Transmutations
    16 | D        | Reached skill level 15 in Fire Magic
    16 | D        | Reached skill level 15 in Ice Magic
    16 | D        | Reached skill level 15 in Air Magic
    16 | D        | Reached skill level 15 in Earth Magic
    16 | D        | Reached skill level 15 in Poison Magic
    16 | D        | Reached skill level 19 in Invocations
    16 | D        | Reached XP level 16. HP: 145/145 MP: 3/37
    17 | D        | Noticed a large bag of meat
    18 | D        | Killed a meat berserker
    19 | D        | Reached skill level 20 in Invocations
    19 | D        | Noticed a large bag of meat
    20 | D        | Noticed a large bag of meat
    20 | D        | Noticed a meat berserker
    21 | D        | Reached skill level 21 in Invocations
    21 | D        | Reached XP level 17. HP: 157/157 MP: 4/41
    21 | D        | Noticed a large bag of meat
    22 | D        | Reached skill level 22 in Invocations
    24 | D        | Reached skill level 23 in Invocations
    25 | D        | Reached XP level 18. HP: 169/169 MP: 4/44
    25 | D        | Noticed a large bag of meat
    25 | D        | Noticed a large bag of meat
    26 | D        | Killed a large bag of meat
    27 | D        | Reached skill level 24 in Invocations
    27 | D        | Killed a large bag of meat
    27 | D        | Killed a large bag of meat
    27 | D        | Noticed a destroyer
    28 | D        | Reached skill level 26 in Invocations
    28 | D        | Reached XP level 19. HP: 47/182 MP: 5/47
    28 | D        | Noticed a destroyer
    28 | D        | Noticed a destroyer
    28 | D        | Slain by a meat berserker

Illustrated notes

Levels and vault maps discovered:
D:        meatsprint

Skill      XL: |  1  2  3  4  5  6  7  8  9 10 11 12 13 14 15 16 17 18 |
---------------+-------------------------------------------------------+-----
Fighting       | 10 12 13 16 18 20 22 24 | 24.9
Short Blades   | 9 11 13 16 17 20 22 24 | 24.6
Long Blades    | 9 11 13 16 17 20 22 24 | 24.6
Axes           | 11 12 14 17 18 21 22 25 | 25.2
Maces & Flails | 9 11 13 16 17 20 22 24 | 24.6
Polearms       | 9 11 13 16 17 20 22 24 | 24.6
Staves         | 9 11 13 16 17 20 22 24 | 24.6
Slings         | 9 11 13 16 17 20 22 24 | 24.6
Bows           | 9 11 13 16 17 20 22 24 | 24.6
Crossbows      | 9 11 13 16 17 20 22 24 | 24.6
Throwing       | 10 12 13 16 18 20 22 24 | 24.9
Armour         | 9 11 13 16 17 20 22 24 | 24.6
Dodging        | 11 12 14 17 18 21 22 25 | 25.2
Stealth        | 9 11 13 16 17 20 22 24 | 24.6
Shields        | 9 11 13 16 17 20 22 24 | 24.6
Unarmed Combat | 9 11 13 16 17 20 22 24 | 24.6
Spellcasting   | 9 11 13 16 17 20 22 24 | 24.6
Conjurations   | 8 9 11 13 15 17 18 21 | 21.1
Hexes          | 8 9 11 13 15 17 18 21 | 21.1
Summonings     | 8 9 11 13 15 17 18 21 | 21.1
Necromancy     | 8 9 11 13 15 17 18 21 | 21.1
Translocations | 8 9 11 13 15 17 18 21 | 21.1
Transmutations | 8 9 11 13 15 17 18 21 | 21.1
Fire Magic     | 8 9 11 13 15 17 18 21 | 21.1
Ice Magic      | 8 9 11 13 15 17 18 21 | 21.1
Air Magic      | 8 9 11 13 15 17 18 21 | 21.1
Earth Magic    | 8 9 11 13 15 17 18 21 | 21.1
Poison Magic   | 8 9 11 13 15 17 18 21 | 21.1
Invocations    | 10 12 14 17 19 21 23 26 | 26.5
Evocations     | 9 11 13 16 17 20 22 24 | 24.6

Action                   |  1- 3 |  4- 6 |  7- 9 | 10-12 | 13-15 | 16-18 | 19-21 || total
-------------------------+-------+-------+-------+-------+-------+-------+-------++-------
Melee: Executioner's axe |     1 |       |       |     2 |     3 |     9 |       ||    15
  Use: Potion            |       |       |       |       |     1 |       |       ||     1
Dodge: Dodged            |       |       |       |     1 |     2 |       |       ||     3

Table legend: (Time is in decaauts)
 A = Elapsed time spent in this place.
 B = Non-inter-level travel time spent in this place.
 C = Inter-level travel time spent in this place.
 D = Time resting spent in this place.
 E = Time spent auto-exploring this place.
 F = Levels seen in this place.
 G = Mean time per level.
                   A        B        C        D        E       F      G
               +--------+--------+--------+--------+--------+-----+--------+
         Total |     24 |     24 |      0 |      0 |      0 |   1 |   24.0 |
       Dungeon |     24 |     24 |      0 |      0 |      0 |   1 |   24.0 |
               +--------+--------+--------+--------+--------+-----+--------+

Top non-repeatable levels by time:
       D: 24 daAuts
